 Dungeon Crawl Stone Soup version 0.26-a0-651-gb41185065b (webtiles) character file.

Game seed: 9396228380759117918

6822 gbos the Reanimator (level 11, 0/81 HPs)
             Began as a Gnoll Necromancer on Oct 16, 2020.
             Was a Priest of Cheibriados.
             Splashed by a vampire's acid (13 damage)
             ... on level 10 of the Dungeon.
             The game lasted 00:26:06 (11660 turns).

gbos the Reanimator (Gnoll Necromancer)            Turns: 11660, Time: 00:26:06

Health: 0/81       AC:  6    Str: 16    XL:     11   Next: 5%
Magic:  22/22      EV: 18    Int: 30    God:    Cheibriados [***...]
Gold:   481        SH:  0    Dex: 21    Spells: 11/25 levels left

rFire    . . .     SeeInvis .   a - +2 whip (elec)
rCold    . . .     Faith    .   G - +2 buckler
rNeg     . . .     Spirit   .   N - +0 robe
rPois    +         Reflect  .   y - +0 helmet
rElec    .         Harm     .   s - +0 cloak
rCorr    .         Rampage  .   T - +3 pair of gauntlets of War {Slay+5}
MR       .....                  U - +0 pair of boots "Gipuur" {Int+2}
Stlth    ++........             e - amulet of regeneration
HPRegen  0.63/turn              (no ring)
MPRegen  0.18/turn              p - ring of poison resistance

@: confused, corroded, very slow
A: distributed training, fangs 1, strong nose
a: Bend Time, Temporal Distortion, Renounce Religion


You were on level 10 of the Dungeon.
You worshipped Cheibriados.
Cheibriados was most pleased with you.
You visited 2 branches of the dungeon, and saw 11 of its levels.

You collected 571 gold pieces.
You spent 90 gold pieces at shops.


Innate Abilities, Weirdness & Mutations

Your experience applies equally to all skills.
You have very sharp teeth.
Your uncanny sense of smell can sniff out nearby items.


   Skills:
 + Level 5.9 Fighting
 + Level 5.9 Short Blades
 + Level 5.9 Long Blades
 + Level 5.9 Axes
 + Level 5.9 Maces & Flails
 + Level 5.9 Polearms
 + Level 5.9 Staves
 + Level 5.9 Slings
 + Level 5.9 Bows
 + Level 5.9 Crossbows
 + Level 5.9 Throwing
 + Level 5.9 Armour
 + Level 7.5 Dodging
 + Level 7.3 Stealth
 + Level 5.9 Shields
 + Level 5.9 Unarmed Combat
 + Level 7.8 Spellcasting
 + Level 4.8 Conjurations
 + Level 4.8 Hexes
 + Level 4.8 Summonings
 + Level 8.7 Necromancy
 + Level 4.8 Translocations
 + Level 4.8 Transmutations
 + Level 4.8 Fire Magic
 + Level 4.8 Ice Magic
 + Level 4.8 Air Magic
 + Level 4.8 Earth Magic
 + Level 4.8 Poison Magic
 + Level 6.4 Invocations
 + Level 5.9 Evocations


You had 11 spell levels left.
You knew the following spells:

 Your Spells              Type           Power        Failure   Level
c - Mephitic Cloud        Conj/Pois/Air  #####...     1%          3
v - Ice Form              Ice/Tmut       #####...     6%          4
x - Vampiric Draining     Necr           ######....   1%          3
z - Pain                  Necr           ####         1%          1
Z - Conjure Flame         Conj/Fire      #####...     1%          3

Your spell library contained the following spells:

 Spells                   Type           Power        Failure   Level
 Animate Skeleton         Necr           ######       1%          1
 Beastly Appendage        Tmut           #####.       1%          1
 Corona                   Hex            #####..      1%          1
 Magic Dart               Conj           ####         1%          1
 Blink                    Tloc           N/A          1%          2
 Call Imp                 Summ           #####...     1%          2
 Slow                     Hex            #####...     1%          2
 Wereblood                Tmut           #####...     1%          2
 Confusing Touch          Hex            #####...     1%          3
 Gell's Gravitas          Tloc           #####.....   1%          3
 Inner Flame              Hex/Fire       #####...     1%          3
 Portal Projectile        Hex/Tloc       #####.       1%          3
 Spider Form              Tmut/Pois      #####.....   1%          3
 Animate Dead             Necr           ######....   1%          4
 Agony                    Necr           ######..     3%          5
 Cause Fear               Hex            #####.....   6%          4
 Leda's Liquefaction      Hex/Erth       #####.....   6%          4
 Petrify                  Tmut/Erth      #####...     6%          4
 Blade Hands              Tmut           #####.....   16%         5
 Metabolic Englaciation   Hex/Ice        #####.....   16%         5
 Yara's Violent Unravell  Hex/Tmut       #####.....   16%         5

Inventory:

Hand Weapons
 a - a +2 whip of electrocution (weapon)
 b - a +0 shortbow
 u - a +0 short sword
 w - a +0 spear of venom
 B - a +1 antimagic hand axe
Missiles
 D - 2 curare-tipped darts {=f}
 P - 111 arrows
 R - a throwing net {=f}
Armour
 s - a +0 cloak (worn)
 v - a +0 pair of gloves
 y - a +0 helmet (worn)
 G - a +2 buckler (worn)
 H - a +1 hat
 N - a +0 robe (worn)
 T - the +3 pair of gauntlets of War (worn) {Slay+5}

   It affects your accuracy and damage with ranged weapons and melee attacks
   (+5).
 U - the +0 pair of boots "Gipuur" (worn) {Int+2}

   It affects your intelligence (+2).
Magical Staves
 J - a cursed staff of poison {unknown}
Jewellery
 e - an amulet of regeneration (around neck)
 p - a ring of poison resistance (right hand)
 K - a +6 ring of dexterity
Wands
 r - a wand of acid (2)
 z - a wand of polymorph (4)
 M - a wand of iceblast (7)
Scrolls
 c - 2 scrolls of identify {@r1}
 d - 3 scrolls of enchant weapon {unknown}
 f - 2 scrolls of remove curse
 g - a scroll of blinking
 h - 4 scrolls of teleportation {@r4}
 i - 3 scrolls of fear {unknown}
 q - a scroll of magic mapping {unknown}
 A - a scroll of random uselessness {unknown}
 I - 3 scrolls of enchant armour {unknown}
 L - a scroll of noise {unknown}
 S - a scroll of amnesia
Potions
 j - a potion of degeneration {!q}
 k - 6 potions of brilliance
 l - 2 potions of lignification {unknown}
 m - 3 potions of flight
 n - a potion of cancellation
 o - 3 potions of curing {@q1}
 t - a potion of stabbing
 C - a potion of ambrosia {unknown}
 E - a potion of invisibility {unknown}
 O - 2 potions of berserk rage {!q}

Dungeon Overview and Level Annotations

Branches:
Dungeon (10/15)            Temple (1/1) D:7             Orc (0/2) D:10
   Lair: D:8-11

Altars:
Ashenzari
Cheibriados
Dithmenos
Elyvilon
Fedhas
Gozag
Hepliaklqana
Kikubaaqudgha
Makhleb
Nemelex Xobeh
Okawaru
Qazlal
Ru
Sif Muna
Trog
Uskayaw
Vehumet
Wu Jian
Xom
Yredelemnul
Zin
The Shining One

Annotations:
D:2 Sigmund
D:3 exclusion: goblin, Grinder, Natasha
D:6 Prince Ribbit

▒▒▒▒.▒.▒▒▒▒ .▒ ..........▒
.....▒....▒▒ ▒. .. ..
..▒..▒..▒..▒ ▒.▒..▒▒ ▒.
▒....▒.....▒ ▒.. ..▒ ▒.
▒..▒▒▒▒▒▒▒.▒ )....▒ ▒. ▒.▒▒
▒.▒ ▒▒▒▒▒▒.▒ ▒.▒.▒▒▒▒. ..▒
▒.▒▒▒▒......▒ ........ ▒
▒.)....g▒▒▒.▒▒▒▒▒▒.▒▒▒▒. ▒
▒▒▒▒.....V..............
▒.....................
▒...▒.....▒.....▒.....▒
▒....▒.▒▒▒.▒.▒▒▒.▒.▒▒▒.▒
▒.....▒.. .▒.....▒8....▒
........▒.....▒..£..▒.....▒...
▒.......▒.▒▒▒.▒?▒▒▒∆▒£▒▒▒.▒...
▒.▒.....▒. .▒ ∆ ▒. .▒...


You could see a vampire.


Message History

Lightning courses through the vampire!
The vampire is heavily damaged.
The vampire misses you. The vampire bites you!
The vampire draws strength from your injuries!
You completely miss the vampire.
The vampire is heavily damaged.
The vampire gestures at you while chanting.
You are confused.
You are too confused!
You're too confused to move!
The vampire zaps a wand.
The bolt of acid hits you!!
* * * LOW HITPOINT WARNING * * *
You are splashed with acid!
* * * LOW HITPOINT WARNING * * *
You hit the vampire but do no damage. Lightning courses through the vampire!
The vampire is almost destroyed.
The vampire closely misses you. The vampire bites you.
* * * LOW HITPOINT WARNING * * *
The vampire draws strength from your injuries!
You are too confused!
The vampire zaps a wand.
The bolt of acid hits you!
* * * LOW HITPOINT WARNING * * *
The acid corrodes you!
You are splashed with acid!
You die...

Action                   |  1- 3 |  4- 6 |  7- 9 | 10-12 || total
-------------------------+-------+-------+-------+-------++-------
Melee: Unarmed           |    11 |    14 |       |     7 ||    32
       Bite              |     1 |     4 |    44 |    30 ||    79
       Short sword       |       |    37 |       |       ||    37
       Punch             |       |     1 |     1 |       ||     2
       Spear             |       |       |   315 |       ||   315
       Whip              |       |       |    49 |   246 ||   295
 Cast: Pain              |    45 |    97 |    23 |     9 ||   174
       Mephitic Cloud    |       |     2 |     4 |       ||     6
       Vampiric Draining |       |       |    11 |     5 ||    16
       Conjure Flame     |       |       |     5 |     1 ||     6
       Ice Form          |       |       |       |     1 ||     1
Evoke: Wand              |       |     1 |     4 |     3 ||     8
  Use: Scroll            |       |       |       |    16 ||    16
       Potion            |       |       |       |     3 ||     3
 Stab: Sleeping          |     1 |     1 |    15 |     3 ||    20
       Confused          |       |     2 |     4 |       ||     6
       Distracted        |       |       |     1 |       ||     1
Armor: Robe              |     7 |     7 |    36 |    51 ||   101
       Skin              |       |       |    12 |       ||    12
Dodge: Dodged            |    16 |    82 |   168 |   205 ||   471
Block: Buckler           |       |       |    55 |    99 ||   154

Levels and vault maps discovered:
D:1:      saegor_arrival_simple_d, layout_basic
D:2:      minmay_door_path, layout_basic, zin_purify, trog_three_pillars_becter,
          uniq_sigmund, uniq_terence
D:3:      layout_loops_cross, mrwooster_statue_mirror, uniq_natasha,
          uniq_grinder
D:4:      layout_basic, gammafunk_temple_overflow_statue, roderic_roman_lattice,
          trog_eyes_of_draining, uniq_robin
D:5:      layout_basic, interstate_on_off
D:6:      layout_loops_ring, kennysheep_boxes, uniq_prince_ribbit1,
          uniq_menkaure
D:7:      layout_cave_pools, marbit_many_paths, lemuel_temple_firewalk_b,
          serial_rivers, chequers_serial_rivers_large_a,
          chequers_serial_rivers_room_b, chequers_serial_rivers_room_a,
          chequers_serial_rivers_micro_d, chequers_serial_rivers_micro_d,
          chequers_serial_rivers_micro_a, uniq_pikel
D:8:      layout_cave_pools, uniq_maggie
D:9:      layout_rooms
D:10:     hangedman_cross_stitches, layout_loops_ring, orc_0_dummy,
          minivault_19, hangedman_abyss_or_decor_passed
Temple:   dpeg_five_rooms_temple

Notes
Turn   | Place    | Note
-------+----------+-------------------------------------------
     0 | D:1      | gbos the Gnoll Necromancer began the quest for the Orb.
     0 | D:1      | Reached XP level 1. HP: 13/13 MP: 6/6
   379 | D:1      | Reached XP level 2. HP: 19/19 MP: 5/7
   923 | D:2      | Found a glowing silver altar of Zin.
   937 | D:2      | HP: 6/20 [jackal (3)]
   947 | D:2      | Reached XP level 3. HP: 9/25 MP: 1/9
  1165 | D:2      | Found Zin's Purification Station.
  1172 | D:2      | HP: 7/25 [worm (10)]
  1450 | D:2      | Noticed Terence
  1456 | D:2      | Killed Terence
  1456 | D:2      | Reached skill level 1 in Fighting
  1456 | D:2      | Reached skill level 1 in Short Blades
  1456 | D:2      | Reached skill level 1 in Long Blades
  1456 | D:2      | Reached skill level 1 in Axes
  1456 | D:2      | Reached skill level 1 in Maces & Flails
  1456 | D:2      | Reached skill level 1 in Polearms
  1456 | D:2      | Reached skill level 1 in Staves
  1456 | D:2      | Reached skill level 1 in Slings
  1456 | D:2      | Reached skill level 1 in Bows
  1456 | D:2      | Reached skill level 1 in Crossbows
  1456 | D:2      | Reached skill level 1 in Throwing
  1456 | D:2      | Reached skill level 1 in Armour
  1456 | D:2      | Reached skill level 1 in Shields
  1456 | D:2      | Reached skill level 1 in Unarmed Combat
  1456 | D:2      | Reached skill level 5 in Spellcasting
  1456 | D:2      | Reached skill level 1 in Invocations
  1456 | D:2      | Reached skill level 1 in Evocations
  1726 | D:2      | Reached XP level 4. HP: 29/32 MP: 7/11
  1868 | D:2      | Noticed Sigmund
  1933 | D:2      | Learned a level 3 spell: Vampiric Draining
  2100 | D:2      | Bought a potion of curing for 90 gold pieces
  2158 | D:2      | Found a bloodstained altar of Trog.
  2366 | D:2      | Reached skill level 1 in Conjurations
  2366 | D:2      | Reached skill level 1 in Hexes
  2366 | D:2      | Reached skill level 1 in Summonings
  2366 | D:2      | Reached skill level 1 in Translocations
  2366 | D:2      | Reached skill level 1 in Transmutations
  2366 | D:2      | Reached skill level 1 in Fire Magic
  2366 | D:2      | Reached skill level 1 in Ice Magic
  2366 | D:2      | Reached skill level 1 in Air Magic
  2366 | D:2      | Reached skill level 1 in Earth Magic
  2366 | D:2      | Reached skill level 1 in Poison Magic
  2932 | D:3      | Noticed Natasha
  2934 | D:3      | Noticed Grinder
  3026 | D:3      | Reached XP level 5. HP: 37/37 MP: 10/12
  3057 | D:3      | HP: 11/37 [orc/+0 club (4)]
  3066 | D:3      | HP: 4/37 [orc/+0 club (7)]
  3826 | D:3      | Reached skill level 2 in Invocations
  3826 | D:3      | Reached XP level 6. HP: 40/44 MP: 8/13
  4193 | D:3      | Reached skill level 5 in Dodging
  4313 | D:4      | Learned a level 3 spell: Mephitic Cloud
  4372 | D:4      | Reached skill level 2 in Fighting
  4372 | D:4      | Reached skill level 2 in Short Blades
  4372 | D:4      | Reached skill level 2 in Long Blades
  4372 | D:4      | Reached skill level 2 in Axes
  4372 | D:4      | Reached skill level 2 in Maces & Flails
  4372 | D:4      | Reached skill level 2 in Polearms
  4372 | D:4      | Reached skill level 2 in Staves
  4372 | D:4      | Reached skill level 2 in Slings
  4372 | D:4      | Reached skill level 2 in Bows
  4372 | D:4      | Reached skill level 2 in Crossbows
  4372 | D:4      | Reached skill level 2 in Throwing
  4372 | D:4      | Reached skill level 2 in Armour
  4372 | D:4      | Reached skill level 2 in Shields
  4372 | D:4      | Reached skill level 2 in Unarmed Combat
  4372 | D:4      | Reached skill level 2 in Evocations
  4392 | D:4      | Reached XP level 7. HP: 21/50 MP: 7/15
  4615 | D:4      | Noticed Robin
  4788 | D:4      | Killed Robin
  4951 | D:4      | Reached skill level 2 in Conjurations
  4951 | D:4      | Reached skill level 2 in Hexes
  4951 | D:4      | Reached skill level 2 in Summonings
  4951 | D:4      | Reached skill level 2 in Translocations
  4951 | D:4      | Reached skill level 2 in Transmutations
  4951 | D:4      | Reached skill level 2 in Fire Magic
  4951 | D:4      | Reached skill level 2 in Ice Magic
  4951 | D:4      | Reached skill level 2 in Air Magic
  4951 | D:4      | Reached skill level 2 in Earth Magic
  4951 | D:4      | Reached skill level 2 in Poison Magic
  5275 | D:4      | Found a bloodstained altar of Trog.
  5364 | D:4      | Reached skill level 5 in Stealth
  5458 | D:4      | Reached skill level 3 in Invocations
  5772 | D:4      | Found a hazy altar of Hepliaklqana.
  5773 | D:4      | Found a sparkling altar of Nemelex Xobeh.
  5967 | D:5      | Entered Level 5 of the Dungeon
  6056 | D:5      | Reached XP level 8. HP: 27/57 MP: 16/16
  6059 | D:5      | Reached skill level 3 in Fighting
  6059 | D:5      | Reached skill level 3 in Short Blades
  6059 | D:5      | Reached skill level 3 in Long Blades
  6059 | D:5      | Reached skill level 3 in Axes
  6059 | D:5      | Reached skill level 3 in Maces & Flails
  6059 | D:5      | Reached skill level 3 in Polearms
  6059 | D:5      | Reached skill level 3 in Staves
  6059 | D:5      | Reached skill level 3 in Slings
  6059 | D:5      | Reached skill level 3 in Bows
  6059 | D:5      | Reached skill level 3 in Crossbows
  6059 | D:5      | Reached skill level 3 in Throwing
  6059 | D:5      | Reached skill level 3 in Armour
  6059 | D:5      | Reached skill level 3 in Shields
  6059 | D:5      | Reached skill level 3 in Unarmed Combat
  6059 | D:5      | Reached skill level 3 in Evocations
  6503 | D:5      | HP: 16/58 [centaur (4)]
  6508 | D:5      | HP: 9/58 [centaur (7)]
  6509 | D:5      | Reached skill level 6 in Spellcasting
  7299 | D:6      | Noticed Menkaure
  7317 | D:6      | Killed Menkaure
  7470 | D:6      | Reached skill level 3 in Conjurations
  7470 | D:6      | Reached skill level 3 in Hexes
  7470 | D:6      | Reached skill level 3 in Summonings
  7470 | D:6      | Reached skill level 3 in Translocations
  7470 | D:6      | Reached skill level 3 in Transmutations
  7470 | D:6      | Reached skill level 3 in Fire Magic
  7470 | D:6      | Reached skill level 3 in Ice Magic
  7470 | D:6      | Reached skill level 3 in Air Magic
  7470 | D:6      | Reached skill level 3 in Earth Magic
  7470 | D:6      | Reached skill level 3 in Poison Magic
  7470 | D:6      | Reached skill level 4 in Invocations
  7541 | D:6      | Reached skill level 6 in Dodging
  7541 | D:6      | Reached XP level 9. HP: 45/64 MP: 18/18
  7778 | D:6      | Noticed Prince Ribbit
  8043 | D:6      | Learned a level 3 spell: Conjure Flame
  8629 | D:7      | Found a staircase to the Ecumenical Temple.
  8638 | Temple   | Entered the Ecumenical Temple
  8831 | Temple   | Became a worshipper of Cheibriados the Contemplative
  8976 | D:7      | Reached skill level 4 in Fighting
  8976 | D:7      | Reached skill level 4 in Short Blades
  8976 | D:7      | Reached skill level 4 in Long Blades
  8976 | D:7      | Reached skill level 4 in Axes
  8976 | D:7      | Reached skill level 4 in Maces & Flails
  8976 | D:7      | Reached skill level 4 in Polearms
  8976 | D:7      | Reached skill level 4 in Staves
  8976 | D:7      | Reached skill level 4 in Slings
  8976 | D:7      | Reached skill level 4 in Bows
  8976 | D:7      | Reached skill level 4 in Crossbows
  8976 | D:7      | Reached skill level 4 in Throwing
  8976 | D:7      | Reached skill level 4 in Armour
  8976 | D:7      | Reached skill level 4 in Shields
  8976 | D:7      | Reached skill level 4 in Unarmed Combat
  8976 | D:7      | Reached skill level 4 in Evocations
  9104 | D:7      | Reached skill level 6 in Stealth
  9104 | D:7      | Reached skill level 8 in Necromancy
  9269 | D:7      | Noticed Pikel
  9283 | D:7      | Killed Pikel
  9353 | D:7      | Found a radiant altar of Vehumet.
  9495 | D:7      | Reached skill level 5 in Invocations
  9645 | D:8      | Identified +0 acid dragon scales
  9645 | D:8      | Noticed Maggie
  9648 | D:8      | Reached * piety under Cheibriados
  9663 | D:8      | Killed Maggie
  9663 | D:8      | Reached skill level 7 in Spellcasting
  9663 | D:8      | Reached skill level 4 in Conjurations
  9663 | D:8      | Reached skill level 4 in Hexes
  9663 | D:8      | Reached skill level 4 in Summonings
  9663 | D:8      | Reached skill level 4 in Translocations
  9663 | D:8      | Reached skill level 4 in Transmutations
  9663 | D:8      | Reached skill level 4 in Fire Magic
  9663 | D:8      | Reached skill level 4 in Ice Magic
  9663 | D:8      | Reached skill level 4 in Air Magic
  9663 | D:8      | Reached skill level 4 in Earth Magic
  9663 | D:8      | Reached skill level 4 in Poison Magic
  9663 | D:8      | Reached XP level 10. HP: 46/72 MP: 20/20
  9792 | D:8      | Reached skill level 5 in Fighting
  9792 | D:8      | Reached skill level 5 in Short Blades
  9792 | D:8      | Reached skill level 5 in Long Blades
  9792 | D:8      | Reached skill level 5 in Axes
  9792 | D:8      | Reached skill level 5 in Maces & Flails
  9792 | D:8      | Reached skill level 5 in Polearms
  9792 | D:8      | Reached skill level 5 in Staves
  9792 | D:8      | Reached skill level 5 in Slings
  9792 | D:8      | Reached skill level 5 in Bows
  9792 | D:8      | Reached skill level 5 in Crossbows
  9792 | D:8      | Reached skill level 5 in Throwing
  9792 | D:8      | Reached skill level 5 in Armour
  9792 | D:8      | Reached skill level 5 in Shields
  9792 | D:8      | Reached skill level 5 in Unarmed Combat
  9792 | D:8      | Reached skill level 5 in Evocations
 10432 | D:9      | Noticed a two-headed ogre
 10473 | D:9      | Reached skill level 7 in Dodging
 10482 | D:9      | Reached ** piety under Cheibriados
 10647 | D:9      | Found the +3 pair of gauntlets of War {Slay+5}
 10820 | D:9      | Killed a two-headed ogre
 10820 | D:9      | Reached skill level 7 in Stealth
 10820 | D:9      | Reached skill level 6 in Invocations
 10946 | D:10     | Entered Level 10 of the Dungeon
 10975 | D:10     | Got a pair of dazzling boots
 11025 | D:9      | Identified the cursed +0 pair of boots "Gipuur" {Int+2}
                  | (You found it on level 10 of the Dungeon)
 11265 | D:10     | Killed an unseen horror
 11272 | D:10     | Noticed a gargoyle
 11285 | D:10     | HP: 16/75 [orc warrior/+0 glaive (16)]
 11293 | D:10     | Reached *** piety under Cheibriados
 11378 | D:10     | Found a staircase to the Orcish Mines.
 11404 | D:10     | Reached XP level 11. HP: 75/81 MP: 22/22
 11515 | D:10     | Learned a level 4 spell: Ice Form
 11660 | D:10     | HP: 13/81 [vampire/bolt of acid (13)]
 11660 | D:10     | Splashed by a vampire's acid

Vanquished Creatures
  A two-headed ogre (D:9)
  An unseen horror (D:10)
  Pikel (D:7)
  Maggie (D:8)
  A gargoyle (D:10)
  3 hippogriffs
  Menkaure (D:6)
  2 orc warriors
  4 ice beasts
  2 sky beasts
  3 phantoms
  A necrophage (D:6)
  An eye of draining (D:4)
  5 ogres
  4 centaurs
  A lemure (D:7)
  6 bullfrogs
  A wyvern zombie (D:8)
  2 scorpions
  A water moccasin skeleton (D:8)
  3 wights (D:10)
  4 howler monkeys
  A quasit (D:8)
  5 orc wizards
  6 orc priests
  A gnoll shaman (D:7)
  2 jellies
  Terence (D:2)
  A bullfrog skeleton (D:8)
  3 iguanas
  9 worker ants
  Robin (D:4)
  8 gnolls
  16 adders
  5 shadow imps
  3 ufetubi
  An ooze (D:5)
  3 worms
  2 leopard geckos
  18 orcs
  6 giant cockroaches
  11 goblins
  15 hobgoblins
  11 jackals
  4 quokkas
  A ball python (D:1)
  5 bats
  2 frilled lizards
  7 kobolds
  A leopard gecko skeleton (D:4)
  A quokka zombie (D:8)
  7 rats
206 creatures vanquished.
